 Dungeon Crawl Stone Soup version 0.20.1-1-g8b1a95d (webtiles) character file.

791 digijack the Sneak (level 7, 0/52 HPs)
             Began as a Demonspawn Gladiator on Oct 8, 2017.
             Slain by Pikel
             ... wielding a +2 whip of flaming
              (1 damage)
             ... on level 4 of the Dungeon.
             The game lasted 00:45:13 (4633 turns).

digijack the Sneak (Demonspawn Gladiator)           Turns: 4633, Time: 00:45:15

Health: 0/52       AC:  3    Str: 16    XL:     7   Next: 57%
Magic:  3/7        EV: 13    Int:  9    God:
Gold:   135        SH:  0    Dex: 17    Spells: 6/6 levels left

rFire    . . .     SeeInvis .   p - +0 hunting sling
rCold    . . .     Gourm    .   (no shield)
rNeg     . . .     Faith    .   b - +0 leather armour
rPois    .         Spirit   .   (helmet restricted)
rElec    .         Reflect  .   (no cloak)
rCorr    .         Harm     .   (no gloves)
MR       .....                  (no boots)
Stlth    ++++......             (no amulet)
Regen    0.2/turn               (no ring)
MPRegen  0.1/turn               (no ring)

@: very slightly contaminated
A: claws 2, hooves 2, horns 1, agile 1, nightstalker 1, MP-powered wands
a: no special abilities


You were on level 4 of the Dungeon.
You were hungry.

You visited 1 branch of the dungeon, and saw 4 of its levels.
You also visited: Sewer.

You collected 135 gold pieces.

Inventory:

Hand Weapons
 i - a +5 short sword
 p - a +0 hunting sling (weapon)
 z - a +0 shortbow
Missiles
 a - 52 bolts
 d - 3 throwing nets
 e - 110 stones
 j - 50 sling bullets (quivered)
 m - 51 arrows
 u - 7 steel tomahawks
Armour
 b - a +0 leather armour (worn)
 c - a +0 helmet
Jewellery
 n - an uncursed ring of fire
Wands
 y - a wand of flame (3/48)
Scrolls
 k - a scroll of teleportation
 o - 2 scrolls of fear
 q - a scroll of amnesia
 x - 2 scrolls of identify
Potions
 g - a potion of ambrosia
 h - a potion of resistance
 r - 3 potions of might {unknown}
 t - 2 potions of magic
Comestibles
 f - 5 bread rations
 l - a meat ration
 v - a royal jelly
 w - a fruit


   Skills:
 + Level 3.5 Fighting
 + Level 4.7 Short Blades
 + Level 1.5(2.0) Slings
 + Level 0.3 Bows
 - Level 1.7(2.1) Throwing
 - Level 0.6 Armour
 - Level 3.4 Dodging
 * Level 5.4 Stealth


You had 6 spell levels left.
You didn't know any spells.

Dungeon Overview and Level Annotations

Branches:
Dungeon (4/15)
 Temple: D:4-7

Altars:
Makhleb
Xom

Shops:
D:4 [

Annotations:
D:4 Pikel


Innate Abilities, Weirdness & Mutations

You have very sharp fingernails.
You have hoof-like feet.
You are slightly more attuned to the shadows.
You have a pair of small horns on your head.
You are agile. (Dex +2)
You expend magic power (3 MP) to strengthen your wands.


Message History

Press: ? - help, Shift-Dir - straight line, f/p - Pikel
Aim: Pikel, wielding a whip of flaming, wearing a glowing robe and carrying a wand of digging (?/24) {empty} You shoot a sling bullet.
The sling bullet barely misses Pikel.
The sling bullet hits the worker ant but does no damage.
The worker ant is moderately wounded.
Pikel hits you with a whip of flaming!
* * * LOW HITPOINT WARNING * * *
Pikel burns you.
* * * LOW HITPOINT WARNING * * *
Firing (i - inventory. (,) - cycle):
j - 51 sling bullets (quivered)
Press: ? - help, Shift-Dir - straight line, f/p - Pikel
Aim: Pikel, wielding a whip of flaming, wearing a glowing robe and carrying a wand of digging (?/24) {empty} You shoot a sling bullet.
The sling bullet hits Pikel.
Pikel is lightly wounded.
The worker ant bites you.
* * * LOW HITPOINT WARNING * * *
Pikel hits you with a whip of flaming.
* * * LOW HITPOINT WARNING * * *
Pikel burns you.
You die...

####### #.....#
#.....##############
######..........##......###
#..........a(....'(......).
##.####....@K..p.##.......##
#...#∩......########......##
#...#.#.....#####.≈≈≈≈≈≈≈≈≈#
#..h#..#..[##.....≈#≈≈≈≈≈#≈.
#..###.#.#........≈#≈###≈#≈#
#..###.#....#.....≈#≈≈≈≈≈#≈.
#......#...[......≈(≈(≈≈≈≈≈.
##...###...........#(p...#.#.
#......#........p.###..(...#.


You could see Pikel, a slave and a worker ant.

Vanquished Creatures
  Sigmund (D:2)
  The ghost of Feta the Covered, an amateur MiFi of Qazlal (D:4)
  Menkaure (D:4)
  3 slaves (D:4)
  A centaur (D:4)
  Jessica (D:3)
  A hound skeleton (D:4)
  3 gnolls (D:3)
  7 adders
  A river rat (Sewer)
  4 dart slugs
  6 leopard geckos
  6 orcs
  3 ball pythons
  5 bats
  6 giant cockroaches
  8 goblins
  6 hobgoblins
  15 jackals
  3 quokkas
  19 frilled lizards
  15 kobolds
  A quokka skeleton (D:4)
  11 rats
128 creatures vanquished.

Notes
Turn   | Place    | Note
-------+----------+-------------------------------------------
     0 | D:1      | digijack the Demonspawn Gladiator began the quest for the Orb.
     0 | D:1      | Reached XP level 1. HP: 16/16 MP: 1/1
   281 | D:1      | Gained mutation: You are slightly more attuned to the shadows. [demonic ancestry]
   281 | D:1      | Reached XP level 2. HP: 20/22 MP: 2/2
   634 | D:1      | Reached skill level 1 in Stealth
   643 | D:1      | Gained mutation: You have sharp fingernails. [demonic ancestry]
   643 | D:1      | Reached XP level 3. HP: 24/27 MP: 3/3
  1234 | D:2      | Noticed Sigmund
  1265 | D:2      | Killed Sigmund
  1265 | D:2      | Reached skill level 3 in Stealth
  1265 | D:2      | Gained mutation: You have very sharp fingernails. [demonic ancestry]
  1265 | D:2      | Reached XP level 4. HP: 26/34 MP: 4/4
  1265 | D:2      | Gained mutation: You have large cloven feet. [demonic ancestry]
  1265 | D:2      | Reached XP level 5. HP: 30/39 MP: 5/5
  1505 | D:2      | Gained mutation: You have hoof-like feet. [potion of mutation]
  1505 | D:2      | Gained mutation: You expend magic power (3 MP) to strengthen your wands. [potion of mutation]
  1505 | D:2      | Gained mutation: You are agile. (Dex +2) [potion of mutation]
  1505 | D:2      | Gained mutation: You have a pair of small horns on your head. [potion of mutation]
  2228 | D:3      | Noticed Jessica
  2234 | D:3      | Killed Jessica
  2234 | D:3      | Reached XP level 6. HP: 46/46 MP: 6/6
  2282 | D:3      | Found a glowing drain.
  2290 | Sewer    | Entered a sewer
  2677 | D:3      | Reached skill level 4 in Stealth
  3237 | D:3      | Found a shimmering altar of Xom.
  3397 | D:3      | Found a burning altar of Makhleb.
  3398 | D:3      | Noticed a green death
  3401 | D:3      | Noticed a hellwing
  3401 | D:3      | Noticed a ynoxinul
  3519 | D:4      | Noticed a slave
  3520 | D:4      | Noticed Pikel
  3521 | D:4      | Noticed a slave
  3522 | D:4      | Noticed a slave
  3524 | D:4      | Noticed a slave
  3794 | D:4      | Killed a slave
  3811 | D:4      | Noticed Menkaure
  3974 | D:4      | Noticed Feta's ghost (amateur MiFi)
  3985 | D:4      | Killed Feta's ghost
  3985 | D:4      | Reached skill level 5 in Stealth
  3985 | D:4      | Mutation became permanent: You have large cloven feet. [demonic ancestry]
  3985 | D:4      | Gained mutation: You have hoof-like feet. [demonic ancestry]
  3985 | D:4      | Reached XP level 7. HP: 22/52 MP: 7/7
  4295 | D:4      | Killed Menkaure
  4295 | D:4      | Reached skill level 1 in Slings
  4483 | D:4      | Found Naillaso's Armour Shoppe.
  4633 | D:4      | HP: 1/52 [Pikel/whip of flaming (3)]
  4633 | D:4      | Slain by Pikel

Skill      XL: |  1  2  3  4  5  6  7 |
---------------+----------------------+-----
Dodging        | 3 |  3.4
Stealth        | 1 3 5 |  5.4
Short Blades   | 3 4 |  4.7
Fighting       | 3 |  3.5
Slings         | 1 |  1.5
Bows           | |  0.3
Throwing       | |  1.7
Armour         | |  0.6

Action                   |  1- 3 |  4- 6 |  7- 9 || total
-------------------------+-------+-------+-------++-------
Melee: Rapier            |    78 |       |       ||    78
       Short sword       |    12 |   202 |    33 ||   247
       Kick              |       |    46 |     7 ||    53
       Headbutt          |       |    24 |     8 ||    32
 Fire: Hunting sling     |       |     3 |    25 ||    28
       Shortbow          |       |     2 |       ||     2
Evoke: Wand              |       |       |     3 ||     3
  Use: Scroll            |     4 |     8 |     1 ||    13
       Potion            |     1 |     4 |       ||     5
 Stab: Sleeping          |     9 |    16 |       ||    25
       Fleeing           |       |     2 |       ||     2
       Distracted        |       |     1 |       ||     1
  Eat: Bread ration      |     1 |       |       ||     1
       Chunk             |       |     6 |     1 ||     7
Armor: Leather armour    |    21 |    41 |     7 ||    69
Dodge: Dodged            |    56 |   129 |    15 ||   200
